woodfighter, chaotic female orcish Cavewoman ---- --- ---- |.>---.------------- --..| ---- --- ----- ---- |..................-------------..<-----------..-----.--|...------ --..| |.---.......-----...............).))...................-|.....--.--- |...| |.--........-- --..----...).)...--..-------....---.....|-.........|--.--- |............-- ---- |........-|---- --...-| |...|.---........|...| --...........-- |.........| |.....-----^|..............[-| |............| --....*...| |........-|...|..............--- -...........| |..*....[| ------.......---.|................| --....@Y...-- --.......-| --..| |....--...|............|....-- |.........| |.....)...------.%.---...---..............--|....| ---......-- --.....................................[..| |...-- |......| --......----...---......---------......-----...| |......-- |......---....| --.....-- |-.....--......-- --......| --.............| ---....| |...............---- -......----- |.....--......-- ---.-- ----.---.|............| .--.--.....| |.....--......----- --- --....| ----^..........| ---|.....| --.|.^..........|.-- |...--- |...........| ---..-- ----.%...---.|....| --..| --.|...----.| ---- ---.--- ----..-- ---- ----..| --- --- ---- ---- woodfighter the Young Cave Woman Experience level: 7 Strength: 18/01 Dexterity: 16 Constitution: 18 Intelligence: 7 Wisdom: 9 Charisma: 7 Health: 0(69) Energy: 16(16) Def: 2 Gold: 0 Moves: 4058 Dungeon seed: dokSbafX-SUB66fV Game ID: woodfighter_1475309987 Your Inventory: Weapons a - a +1 club (weapon in hand) b - a +2 sling (alternate weapon; not wielded) e - 14 +0 arrows Armor q - an uncursed +0 leather armor (being worn) Comestibles g - an uncursed sprig of wolfsbane C - an uncursed lembas wafer Wands r - a wand of enlightenment (0:12) G - a wand of slow monster (0:7) K - a wand of slow monster (0:7) L - a wand of undead turning (0:8) X - a wand of digging (0:4) Tools d - a +0 unicorn horn s - an uncursed bag of holding D - 2 uncursed tallow candles (0:200) M - an uncursed lock pick P - an uncursed towel U - a +0 pick-axe V - an uncursed stethoscope W - an uncursed wax candle (0:400) Y - an uncursed sack Contents of the bag of holding: 540 gold pieces 37 [uncursed] [+0] arrows a [uncursed] [+0] bow a [uncursed] [+0] dwarvish cloak a [uncursed] [+0] dwarvish cloak a [uncursed] [+0] dwarvish cloak a [uncursed] [+0] dwarvish cloak a [cursed] [-1] dwarvish cloak a [blessed] [+0] dwarvish cloak a [uncursed] [+0] dwarvish iron helm a [uncursed] [+0] dwarvish iron helm a [uncursed] [+0] dwarvish iron helm a [uncursed] [+0] dwarvish iron helm a [blessed] [+0] dwarvish iron helm a [uncursed] [+0] dwarvish mithril-coat a [uncursed] [+0] elven mithril-coat a [uncursed] [+0] mummy wrapping a [uncursed] [+0] pair of iron shoes a [uncursed] [+0] pair of iron shoes a [blessed] [+1] pair of water walking boots a [uncursed] scroll of enchant weapon a [blessed] scroll of identify a [uncursed] scroll of water a [uncursed] spellbook of cancellation a [blessed] spellbook of polymorph a [uncursed] potion of gain ability a [uncursed] potion of gain energy a [blessed] potion of gain energy a [uncursed] potion of hallucination a potion of holy water a [blessed] potion of paralysis 2 [uncursed] potions of water 8 uncursed flints Spells and supernatural/magical abilities: Name Level Category Fail Memory W - pray for help -- divine ? -- Your skills at the end: Miscellaneous Skills bare handed combat [Basic] stealth [Skilled] Weapon Skills scimitar [Basic] club [Skilled] sling [Basic] Spellcasting Skills Final Attributes: You were piously aligned. You were poison resistant. You had infravision. You were stealthy. You were fast. You are dead. Vanquished creatures: a small mimic a giant beetle a mumak a giant spider a horse a dog a dwarf lord a gray unicorn a rock mole a rock piercer a shrieker 5 gnome lords 3 gnomish wizards a kobold mummy a gray ooze a ghoul a straw golem 7 dwarves a jitterbug a wererat 2 werejackals 3 killer bees a gas spore 4 hobbits a large kobold a gecko 4 giant rats 2 yellow molds 22 gnomes 9 jackals a fox 2 kobolds 3 newts 2 sewer rats 5 grid bugs a lichen 95 creatures vanquished. Voluntary challenges: You did not adorn yourself with jewelry or accessories. You did not cause conflict. You were not invisible. You did not have reflection. You were not displaced. You had been an atheist until turn 3505. You used a wielded weapon 148 times, starting on turn 1. You did not apply a unicorn horn. You did not use plumbed fixtures. You did not drink any magical draughts. You were illiterate. You never genocided any monsters. You never polymorphed an object. You never changed form. You used no wishes. You never split a pudding. You never wrote Elbereth's name. You never violated your personal moral code. Dungeon overview: The Dungeons of Doom: levels 1 to 5 Level 1 a fountain a long staircase Level 2 a potion shop Level 3 (water + vault) some fountains Level 4 a potion shop stairs to The Gnomish Mines Level 5 The Gnomish Mines: levels 5 to 8 Level 5 ( ) stairs to The Dungeons of Doom Level 6 Level 7 <- You were here Level 8 History has recorded: On T:1 you entered the Dungeons of Doom to retrieve the Amulet of Yendor! On T:171 you reached level 2 of The Dungeons of Doom. On T:698 you reached level 3 of The Dungeons of Doom. On T:700 you advanced to experience level 2. On T:954 you advanced to experience level 3. On T:1003 you reached level 4 of The Dungeons of Doom. On T:1365 you reached level 1 of The Gnomish Mines. On T:1467 you reached level 5 of The Dungeons of Doom. On T:1688 you advanced to experience level 4. On T:1861 you advanced to experience level 5. On T:2375 you advanced to experience level 6. On T:2404 you reached level 2 of The Gnomish Mines. On T:2998 you reached level 3 of The Gnomish Mines. On T:3378 you advanced to experience level 7. On T:3505 you prayed to Anshar. On T:3936 you reached level 4 of The Gnomish Mines. Score breakdown: Gold: 540 ( 54 points) Experience: 7 levels ( 600 points) Exploration: 8 levels ( 210 points) Discoveries: 25 items ( 1250 points) Variety of kills: 36 monsters ( 1800 points) Major goal: (nothing yet) ( 0 points) Survival: died (score multiplied by 3) Total score: 11742 Latest messages: You hit the straw golem! You destroy the straw golem! You stop exploring. (4x) The horse kicks! The horse bites! The horse kicks! The horse bites! You hit the horse! The horse kicks! The horse bites! You hit the horse! The horse kicks! The horse bites! The horse kicks! The horse bites! You kill the horse! You see here a horse corpse. This horse corpse tastes terrible! You finish eating the horse corpse. You stop exploring. (6x) The owlbear claws you! (2x) You hit the owlbear! (2x) The owlbear claws you! (2x) You die... The sack is empty. The sack is empty. Final status: Goodbye woodfighter the Cavewoman, killed by an owlbear... You died in The Gnomish Mines on dungeon level 7 with 11742 points, and 540 pieces of gold, after 4058 moves. You were level 7 with a maximum of 69 hit points when you died.